 Dungeon Crawl Stone Soup version 0.28-a0-664-gc179e30c89 (webtiles) character file.

Game seed: 14252754183348687152

17 mordus the Shield-Bearer (level 2, 0/24 HPs)
             Began as a Formicid Fighter on Oct 15, 2021.
             Slain by an adder (4 damage)
             ... on level 2 of the Dungeon.
             The game lasted 00:03:33 (1297 turns).

mordus the Shield-Bearer (Formicid Fighter)         Turns: 1297, Time: 00:03:33

Health: 0/24       AC:  6    Str: 20    XL:     2   Next: 80%
Magic:  2/2        EV:  9    Int:  7    God:
Gold:   59         SH:  4    Dex: 10    Spells: 1/1 levels left

rFire   . . .      SeeInvis +   a - +0 flail
rCold   . . .      Faith    .   c - +0 buckler
rNeg    . . .      Spirit   .   b - +0 scale mail
rPois   .          Reflect  .   (helmet unavailable)
rElec   .          Harm     .   (no cloak)
rCorr   .          Rampage  .   (no gloves)
Will    .....                   (no boots)
Stlth   ..........              (no amulet)
HPRegen 0.08/turn               (no ring)
MPRegen 0.08/turn               (no ring)

@: no status effects
A: permanent stasis, dig shafts and tunnels, antennae 3, four strong arms
a: Dig, Shaft Self


You were on level 2 of the Dungeon.
You visited 1 branch of the dungeon, and saw 2 of its levels.

You collected 59 gold pieces.

Inventory:

Hand Weapons
 a - a +0 flail (weapon)
Armour
 b - a +0 scale mail (worn)
 c - a +0 buckler (worn)
Scrolls
 e - a scroll of teleportation {unknown}
 f - 4 scrolls of identify {unknown}
 h - a scroll of vulnerability {unknown}
 i - a scroll of torment {unknown}
Potions
 d - 2 potions of might
 g - 2 potions of ambrosia {unknown}
 j - 2 potions of flight {unknown}


   Skills:
 - Level 3.2 Fighting
 * Level 2.6 Maces & Flails
 + Level 3.5 Armour
 + Level 3.9 Shields


You had one spell level left.
You didn't know any spells.
Your spell library was empty.

Dungeon Overview and Level Annotations

Branches:
Dungeon (2/15)

Altars:

Shops:
D:2 [


Innate Abilities, Weirdness & Mutations

You cannot be hasted, slowed, berserked, paralysed or teleported.
You can dig through walls and to a lower floor.
You have a pair of large antennae on your head. (SInv)
Your four strong arms can wield two-handed weapons with a shield.


Message History

The adder is moderately wounded.
You feel sick. The adder bites you but does no damage.
You barely miss the adder.
The adder is moderately wounded.
You feel sick. The adder bites you but does no damage. The adder misses you.
You miss the adder.
The adder is moderately wounded.
You feel sick. The adder bites you but does no damage.
You block the adder's attack.
You are too injured to fight recklessly!
You are too injured to fight recklessly!
You are too injured to fight recklessly!
You are too injured to fight recklessly!
You are too injured to fight recklessly!
You barely miss the adder.
The adder is moderately wounded.
You feel sick.
You are no longer poisoned.
The adder bites you.
You are poisoned.
The adder poisons you!
You barely miss the adder.
The adder is moderately wounded.
You feel sick. You block the adder's attack. The adder closely misses you.
You closely miss the adder.
The adder is moderately wounded.
You feel sick. The adder closely misses you.
The adder bites you but does no damage.
You closely miss the adder.
The adder is moderately wounded.
You feel sick. The adder closely misses you.
You barely miss the adder.
The adder is moderately wounded.
You feel sick.
You are no longer poisoned.
The adder bites you but does no damage. x2
You closely miss the adder.
The adder is moderately wounded.
The adder bites you.
You die...

#......####....#
#..............#
##...).#####...#
#.....# ##...#
#...).# #....#
#.....# #....#
####### #....#
#....# ###@##
#S# #.# #.# #.#
#### #.# #...
#.# #.#. #..
#... #####...


You could see an adder.

Vanquished Creatures
  3 bats
  2 endoplasms (D:2)
  2 giant cockroaches
  A goblin (D:1)
  2 hobgoblins (D:2)
  A frilled lizard (D:2)
  A kobold (D:1)
  4 rats (D:1)
16 creatures vanquished.

Notes
Turn   | Place    | Note
-------+----------+-------------------------------------------
     0 | D:1      | mordus the Formicid Fighter began the quest for the Orb.
     0 | D:1      | Reached XP level 1. HP: 18/18 MP: 1/1
   464 | D:1      | Reached XP level 2. HP: 24/24 MP: 2/2
  1082 | D:2      | Found Ariaprue's Armour Boutique.
  1297 | D:2      | Slain by an adder

Illustrated notes

Levels and vault maps discovered:
D:1:      minmay_arrival_up_and_down, layout_basic
D:2:      layout_basic, serial_shops, shop

Action                   || total
-------------------------++-------
Melee: Flail             ||    61
Armor: Scale mail        ||    40
Dodge: Dodged            ||    35
Block: Buckler           ||    12

Table legend: (Time is in decaauts)
 A = Elapsed time spent in this place.
 B = Non-inter-level travel time spent in this place.
 C = Inter-level travel time spent in this place.
 D = Time resting spent in this place.
 E = Time spent auto-exploring this place.
 F = Levels seen in this place.
 G = Mean time per level.
                   A        B        C        D        E       F      G
               +--------+--------+--------+--------+--------+-----+--------+
         Total |   1313 |   1264 |     49 |      0 |   1090 |   2 |  656.5 |
       Dungeon |   1313 |   1264 |     49 |      0 |   1090 |   2 |  656.5 |
               +--------+--------+--------+--------+--------+-----+--------+

Top non-repeatable levels by time:
     D:1: 1022 daAuts
     D:2: 291 daAuts
